TOP OF THE 1ST |
Northern Virginia Rainbow Mermaids batting - Pitching for Panama City Piranhas : RHP Luis Flores
|
Pitching: RHP Luis Flores
|
|
Batting: LHB Scott Kerin
|
0-0: Foul Ball, location: 2F 0-1: Called Strike 0-2: Ball 1-2: Foul Ball, location: 2F 1-2: Foul Ball, location: 2F 1-2: Strikes out swinging
|
Batting: SHB Eustacio Tafalla
|
0-0: Foul Ball, location: 2F 0-1: Ball 1-1: Ground out U3 (Groundball, 34)
|
Batting: LHB Kyoji Hakoda
|
0-0: Ball 1-0: Called Strike 1-1: Ball 2-1: Foul Ball, location: 2F 2-2: Foul Ball, location: 2F 2-2: Foul Ball, location: 2F 2-2: Fly out, F9 (Flyball, 9D)
|
Top of the 1st over - 0 runs, 0 hits, 0 errors, 0 left on base; Northern Virginia 0 - Panama City 0 |
BOTTOM OF THE 1ST |
Panama City Piranhas batting - Pitching for Northern Virginia Rainbow Mermaids : LHP Raúl Gómez
|
Pitching: LHP Raúl Gómez
|
|
Batting: RHB Juan Jose Ayala
|
0-0: Foul Ball, location: 2F 0-1: Ball 1-1: Ball 2-1: Ground out U3 (Groundball, 3)
|
Batting: RHB Baldomero Avino
|
0-0: Called Strike 0-1: Ball 1-1: SOLO HOME RUN (Line Drive, 7D), Distance : 361 ft
|
Batting: RHB Micah Coffey
|
0-0: Ball 1-0: Ball 2-0: Called Strike 2-1: Fly out, F8 (Flyball, 8RM)
|
Batting: RHB Andy Putman
|
0-0: Called Strike 0-1: Ball 1-1: SINGLE (Groundball, 4MD)
|
Batting: RHB Peter Heard
|
0-0: Ground out 6-3 (Groundball, 56)
|
Bottom of the 1st over - 1 run, 2 hits, 0 errors, 1 left on base; Northern Virginia 0 - Panama City 1 |
TOP OF THE 2ND |
Northern Virginia Rainbow Mermaids batting - Pitching for Panama City Piranhas : RHP Luis Flores
|
Batting: SHB Melito Báez
|
0-0: DOUBLE (Line Drive, 9LM)
|
Batting: SHB Galtero Suárez
|
0-0: Called Strike 0-1: Called Strike 0-2: Fly out, F9 (Flyball, 9D) Runner from 2nd tags up, SAFE at 3rd, no throw
|
Batting: LHB José Ruíz
|
0-0: Ball 1-0: Fly out, F5 (Popup, 5SF)
|
Batting: RHB Zahid Kashani
|
0-0: Called Strike 0-1: Ball 1-1: Ball 2-1: Swinging Strike 2-2: Foul Ball, location: 2F 2-2: Fly out, F8 (Flyball, 8LD)
|
Top of the 2nd over - 0 runs, 1 hit, 0 errors, 1 left on base; Northern Virginia 0 - Panama City 1 |
BOTTOM OF THE 2ND |
Panama City Piranhas batting - Pitching for Northern Virginia Rainbow Mermaids : LHP Raúl Gómez
|
Batting: RHB Leo Cadden
|
0-0: Ball 1-0: Foul Ball, location: 2F 1-1: Swinging Strike 1-2: Strikes out looking
|
Batting: RHB Fernando Silva
|
0-0: Ball 1-0: Called Strike 1-1: Ball 2-1: SINGLE (Groundball, 4MD)
|
Batting: LHB Ricardo Collazo
|
0-0: Called Strike 0-1: Called Strike 0-2: Ball 1-2: Fly out, F3 (Popup, 34S)
|
Batting: RHB Cale Sutton
|
0-0: SINGLE (Groundball, 34D) Fernando Silva to second Runner from 2nd tries for 3rd, SAFE, no throw
|
Batting: RHB Juan Jose Ayala
|
0-0: Ball 1-0: Ground out 3-1 (Groundball, 34S)
|
Bottom of the 2nd over - 0 runs, 2 hits, 0 errors, 2 left on base; Northern Virginia 0 - Panama City 1 |
TOP OF THE 3RD |
Northern Virginia Rainbow Mermaids batting - Pitching for Panama City Piranhas : RHP Luis Flores
|
Batting: RHB Mike Strickland
|
0-0: Foul Ball, location: 2F 0-1: Ball 1-1: Ball 2-1: Foul Ball, location: 2F 2-2: Ball 3-2: Fly out, F7 (Line Drive, 78D)
|
Batting: LHB Ángel Pineda
|
0-0: Called Strike 0-1: Hit by Pitch
|
Batting: LHB Scott Kerin
|
0-0: Ball 1-0: Ball 2-0: Ball 3-0: Called Strike 3-1: Foul Ball, location: 2F 3-2: Single, Error in OF, E8, batter to second base Ángel Pineda to third
|
Batting: SHB Eustacio Tafalla
|
0-0: Called Strike 0-1: Ground out 4-3 (Groundball, 4)
|
Batting: LHB Kyoji Hakoda
|
0-0: Ball 1-0: Ball 2-0: Called Strike 2-1: Foul Ball, location: 2F 2-2: TRIPLE (Flyball, 9D) Ángel Pineda scores Scott Kerin scores
|
Batting: SHB Melito Báez
|
0-0: Ball 1-0: Swinging Strike 1-1: Ball 2-1: Fly out, F8 (Line Drive, 8LM)
|
Top of the 3rd over - 2 runs, 2 hits, 1 error, 1 left on base; Northern Virginia 2 - Panama City 1 |
BOTTOM OF THE 3RD |
Panama City Piranhas batting - Pitching for Northern Virginia Rainbow Mermaids : LHP Raúl Gómez
|
Batting: RHB Baldomero Avino
|
0-0: Ball 1-0: Ball 2-0: Ball 3-0: Base on Balls
|
Batting: RHB Micah Coffey
|
0-0: Ball 1-0: Foul Ball, location: 2F 1-1: Fly out, F8 (Flyball, 8LXD)
|
Batting: RHB Andy Putman
|
0-0: Ball 1-0: Foul Ball, location: 2F 1-1: Ball 2-1: Fly out, F4 (Popup, 4M)
|
Batting: RHB Peter Heard
|
0-0: Ground out 1-3 (Groundball, P)
|
Bottom of the 3rd over - 0 runs, 0 hits, 0 errors, 1 left on base; Northern Virginia 2 - Panama City 1 |
TOP OF THE 4TH |
Northern Virginia Rainbow Mermaids batting - Pitching for Panama City Piranhas : RHP Luis Flores
|
Batting: SHB Galtero Suárez
|
0-0: Ball 1-0: Foul Ball, location: 2F 1-1: Ball 2-1: Ball 3-1: Foul Ball, location: 2F 3-2: Foul Ball, location: 2F 3-2: SINGLE (Flyball, 7S)
|
Batting: LHB José Ruíz
|
0-0: Ball 1-0: Ball 2-0: Grounds into double play, 6-4-3 (Groundball, 6M)
|
Batting: RHB Zahid Kashani
|
0-0: Fly out, F7 (Flyball, 7LDF)
|
Top of the 4th over - 0 runs, 1 hit, 0 errors, 0 left on base; Northern Virginia 2 - Panama City 1 |
BOTTOM OF THE 4TH |
Panama City Piranhas batting - Pitching for Northern Virginia Rainbow Mermaids : LHP Raúl Gómez
|
Batting: RHB Leo Cadden
|
0-0: Ground out 6-3 (Groundball, 6)
|
Batting: RHB Fernando Silva
|
0-0: Called Strike 0-1: Ground out U3 (Groundball, 3)
|
Batting: LHB Ricardo Collazo
|
0-0: Foul Ball, location: 2F 0-1: Called Strike 0-2: Ball 1-2: Strikes out swinging
|
Bottom of the 4th over - 0 runs, 0 hits, 0 errors, 0 left on base; Northern Virginia 2 - Panama City 1 |
TOP OF THE 5TH |
Northern Virginia Rainbow Mermaids batting - Pitching for Panama City Piranhas : RHP Luis Flores
|
Batting: RHB Mike Strickland
|
0-0: Foul Ball, location: 2F 0-1: Ball 1-1: Fly out, F4 (Line Drive, 4)
|
Batting: LHB Ángel Pineda
|
0-0: Swinging Strike 0-1: Called Strike 0-2: Fly out, F4 (Flyball, 4D)
|
Batting: LHB Scott Kerin
|
0-0: Called Strike 0-1: Called Strike 0-2: Strikes out swinging
|
Top of the 5th over - 0 runs, 0 hits, 0 errors, 0 left on base; Northern Virginia 2 - Panama City 1 |
BOTTOM OF THE 5TH |
Panama City Piranhas batting - Pitching for Northern Virginia Rainbow Mermaids : LHP Raúl Gómez
|
Batting: RHB Cale Sutton
|
0-0: Ball 1-0: Foul Ball, location: 2F 1-1: Swinging Strike 1-2: DOUBLE (Line Drive, 7LS)
|
Batting: RHB Juan Jose Ayala
|
0-0: SINGLE (Groundball, 4D) Cale Sutton to third Runner from 3rd tries for Home, throw and OUT!
|
Batting: RHB Baldomero Avino
|
Pickoff Throw to First - Out! 0-0: Called Strike 0-1: Called Strike 0-2: Foul Ball, location: 2F 0-2: Strikes out swinging
|
Bottom of the 5th over - 0 runs, 2 hits, 0 errors, 0 left on base; Northern Virginia 2 - Panama City 1 |
TOP OF THE 6TH |
Northern Virginia Rainbow Mermaids batting - Pitching for Panama City Piranhas : RHP Luis Flores
|
Batting: SHB Eustacio Tafalla
|
0-0: Called Strike 0-1: Called Strike 0-2: Foul Ball, location: 2F 0-2: Strikes out swinging
|
Batting: LHB Kyoji Hakoda
|
0-0: Swinging Strike 0-1: Ball 1-1: Foul Ball, location: 2F 1-2: Fly out, F9 (Flyball, 89D)
|
Batting: SHB Melito Báez
|
0-0: Ball 1-0: Swinging Strike 1-1: Ball 2-1: Swinging Strike 2-2: Strikes out swinging
|
Top of the 6th over - 0 runs, 0 hits, 0 errors, 0 left on base; Northern Virginia 2 - Panama City 1 |
BOTTOM OF THE 6TH |
Panama City Piranhas batting - Pitching for Northern Virginia Rainbow Mermaids : LHP Raúl Gómez
|
Batting: RHB Micah Coffey
|
0-0: Called Strike 0-1: Ball 1-1: Ground out 4-3 (Groundball, 4S)
|
Batting: RHB Andy Putman
|
0-0: Ground out 5-3 (Groundball, 56S)
|
Batting: RHB Peter Heard
|
0-0: Ball 1-0: SOLO HOME RUN (Flyball, 9LD), Distance : 348 ft
|
Batting: RHB Leo Cadden
|
0-0: Ball 1-0: Called Strike 1-1: Foul Ball, location: 2F 1-2: SINGLE (Groundball, 56) (infield hit)
|
Batting: RHB Fernando Silva
|
0-0: Foul Ball, location: 2F 0-1: Ball 1-1: Called Strike Leo Cadden steals 2nd base 1-2: Ground out 6-3 (Groundball, 6)
|
Bottom of the 6th over - 1 run, 2 hits, 0 errors, 1 left on base; Northern Virginia 2 - Panama City 2 |
TOP OF THE 7TH |
Northern Virginia Rainbow Mermaids batting - Pitching for Panama City Piranhas : RHP Luis Flores
|
Pitching: RHP Mark Valle
|
|
Batting: SHB Galtero Suárez
|
0-0: Called Strike 0-1: Ground out 5-3 (Groundball, 56)
|
Batting: LHB José Ruíz
|
0-0: Foul Ball, location: 2F 0-1: Swinging Strike 0-2: Ball 1-2: Ball 2-2: Foul Ball, location: 2F 2-2: Strikes out swinging
|
Batting: RHB Zahid Kashani
|
0-0: Ground out 5-3 (Groundball, 5L)
|
Top of the 7th over - 0 runs, 0 hits, 0 errors, 0 left on base; Northern Virginia 2 - Panama City 2 |
BOTTOM OF THE 7TH |
Panama City Piranhas batting - Pitching for Northern Virginia Rainbow Mermaids : LHP Raúl Gómez
|
Pinch Hitting: RHB Ted Cook
|
0-0: Called Strike 0-1: Ball 1-1: Ground out 4-3 (Groundball, 4M)
|
Batting: RHB Cale Sutton
|
0-0: Ball 1-0: SINGLE (Line Drive, 56D)
|
Batting: RHB Juan Jose Ayala
|
0-0: Called Strike 0-1: Ball 1-1: Ball 2-1: Grounds into double play, 6-4-3 (Groundball, 6)
|
Bottom of the 7th over - 0 runs, 1 hit, 0 errors, 0 left on base; Northern Virginia 2 - Panama City 2 |
TOP OF THE 8TH |
Northern Virginia Rainbow Mermaids batting - Pitching for Panama City Piranhas : RHP Mark Valle
|
Now at 3B: Ted Cook
|
|
Batting: RHB Mike Strickland
|
0-0: Called Strike 0-1: Swinging Strike 0-2: Ball 1-2: Ball 2-2: Ball 3-2: Ground out 4-3 (Groundball, 34)
|
Batting: LHB Ángel Pineda
|
0-0: Ball 1-0: Swinging Strike 1-1: Ball 2-1: Ball 3-1: Foul Ball, location: 2F 3-2: Strikes out swinging
|
Batting: LHB Scott Kerin
|
0-0: Ball 1-0: Called Strike 1-1: Ball 2-1: Ball 3-1: Foul Ball, location: 2F 3-2: Strikes out swinging
|
Top of the 8th over - 0 runs, 0 hits, 0 errors, 0 left on base; Northern Virginia 2 - Panama City 2 |
BOTTOM OF THE 8TH |
Panama City Piranhas batting - Pitching for Northern Virginia Rainbow Mermaids : LHP Raúl Gómez
|
Batting: RHB Baldomero Avino
|
0-0: Fly out, F9 (Flyball, 8RS)
|
Batting: RHB Micah Coffey
|
0-0: Ball 1-0: Called Strike 1-1: Foul Ball, location: 2F 1-2: Ball 2-2: Foul Ball, location: 2F 2-2: Ball 3-2: Fly out, F4 (Line Drive, 4MD)
|
Batting: RHB Andy Putman
|
0-0: Reached on error, E5 (Groundball, 56)
|
Batting: RHB Peter Heard
|
0-0: Called Strike 0-1: SINGLE (Line Drive, 6D) Andy Putman to second
|
Batting: RHB Leo Cadden
|
0-0: Ball 1-0: Called Strike 1-1: Foul Ball, location: 2F 1-2: Foul Ball, location: 2F 1-2: Fielders Choice at 2nd, 6-4 (Groundball, 6)
|
Bottom of the 8th over - 0 runs, 1 hit, 1 error, 2 left on base; Northern Virginia 2 - Panama City 2 |
TOP OF THE 9TH |
Northern Virginia Rainbow Mermaids batting - Pitching for Panama City Piranhas : RHP Mark Valle
|
Pitching: RHP Folkert van Huizen
|
|
Batting: SHB Eustacio Tafalla
|
0-0: Called Strike 0-1: Reached on error, E5 (Groundball, 5)
|
Batting: LHB Kyoji Hakoda
|
0-0: Foul Ball, location: 2F 0-1: Called Strike 0-2: Strikes out swinging
|
Batting: SHB Melito Báez
|
0-0: Ball 1-0: Ball 2-0: Called Strike 2-1: Called Strike 2-2: Strikes out swinging
|
Batting: SHB Galtero Suárez
|
0-0: Foul Ball, location: 2F 0-1: SINGLE (Flyball, 7LS) Eustacio Tafalla to second
|
Batting: LHB José Ruíz
|
0-0: Called Strike 0-1: Called Strike 0-2: Ball 1-2: SINGLE (Groundball, 6MS) (infield hit) Eustacio Tafalla to third Galtero Suárez to second
|
Batting: RHB Zahid Kashani
|
0-0: Called Strike 0-1: Ball 1-1: Ball 2-1: DOUBLE (Groundball, 5L) Eustacio Tafalla scores Galtero Suárez scores José Ruíz to third Runner from 3rd tries for Home, SAFE, no throw
|
Pitching: RHP Erasmo Monteagudo
|
|
Batting: RHB Mike Strickland
|
0-0: Ball 1-0: Ball 2-0: Foul Ball, location: 2F 2-1: Ball 3-1: Foul Ball, location: 2F 3-2: SINGLE (Flyball, 89S) Zahid Kashani to third Zahid Kashani scores
|
Batting: LHB Ángel Pineda
|
0-0: Ball 1-0: Called Strike 1-1: Swinging Strike 1-2: Strikes out swinging
|
Top of the 9th over - 4 runs, 4 hits, 1 error, 1 left on base; Northern Virginia 6 - Panama City 2 |
BOTTOM OF THE 9TH |
Panama City Piranhas batting - Pitching for Northern Virginia Rainbow Mermaids : LHP Raúl Gómez
|
Batting: RHB Fernando Silva
|
0-0: SINGLE (Groundball, 6MD)
|
Batting: RHB Ted Cook
|
0-0: Ball 1-0: Foul Ball, location: 2F 1-1: Foul Ball, location: 2F 1-2: Ball 2-2: Foul Ball, location: 2F 2-2: Foul Ball, location: 2F 2-2: Foul Ball, location: 2F 2-2: Foul Ball, location: 2F 2-2: Ball 3-2: Base on Balls Fernando Silva to second
|
Pitching: LHP Ilie Paunescu
|
|
Batting: RHB Cale Sutton
|
0-0: Ball 1-0: Ground out 5-3 (Groundball, 25) Fernando Silva to third Ted Cook to second
|
Batting: RHB Juan Jose Ayala
|
0-0: Foul Ball, location: 2F 0-1: Foul Ball, location: 2F 0-2: Ball 1-2: Ball 2-2: Ground out 5-3 (Groundball, 56) Fernando Silva scores
|
Batting: RHB Baldomero Avino
|
0-0: Ball 1-0: Foul Ball, location: 2F 1-1: Called Strike 1-2: Foul Ball, location: 2F 1-2: SINGLE (Line Drive, 6) Ted Cook to third
|
Batting: RHB Micah Coffey
|
0-0: Ball 1-0: Called Strike 1-1: Ball 2-1: Ball 3-1: Base on Balls Baldomero Avino to second
|
Batting: RHB Andy Putman
|
0-0: Ball Wild Pitch! Ted Cook scores Baldomero Avino to third Micah Coffey to second 1-0: Ball 2-0: Foul Ball, location: 2F 2-1: Ball 3-1: Called Strike 3-2: Foul Ball, location: 2F 3-2: Base on Balls
|
Batting: RHB Peter Heard
|
0-0: Ball 1-0: Ground out U3 (Groundball, 34S)
|
Bottom of the 9th over - 2 runs, 2 hits, 0 errors, 3 left on base; Northern Virginia 6 - Panama City 4 |
|